 Dungeon Crawl Stone Soup version 0.31.0-9-g3a7656b989 (webtiles) character file.

Game seed: 9223457136637351572

30 sanka the Trooper (level 3, 0/33 HPs)
             Began as a Minotaur Fighter on Jan 24, 2024.
             Slain by Sigmund
             ... wielding a +0 scythe
              (6 damage)
             ... on level 2 of the Dungeon.
             The game lasted 00:01:12 (954 turns).

sanka the Trooper (Minotaur Fighter)                 Turns: 954, Time: 00:01:13

Health: 0/33       AC:  6    Str: 20    XL:     3   Next: 3%
Magic:  2/2        EV:  9    Int:  5    God:
Gold:   103        SH:  4    Dex: 11    Spells: 2/2 levels left

rFire   . . .        a - +0 flail
rCold   . . .        c - +0 buckler
rNeg    . . .        b - +0 scale mail
rPois   .            (helmet restricted)
rElec   .            (no cloak)
rCorr   .            (no gloves)
SInv    .            (no boots)
Will    .....        (no amulet) Stlth
                     (no ring)
HPRegen 0.25/turn    (no ring)
MPRegen 0.08/turn

%: no passive effects
@: no status effects
A: horns 2, retaliatory headbutt
a: no special abilities


You were on level 2 of the Dungeon.
You visited 1 branch of the dungeon, and saw 2 of its levels.

You collected 103 gold pieces.


Innate Abilities, Weirdness & Mutations

You have a pair of horns on your head.
You reflexively headbutt those who attack you in melee.


   Skills:
 - Level 4.0 Fighting
 + Level 4.0 Maces & Flails
 - Level 3.6 Armour
 - Level 3.6 Shields


You had 2 spell levels left.
You didn't know any spells.
Your spell library contained the following spells:

 Spells                   Type           Power      Damage    Failure   Level
 Gell's Gravitas          Tloc           0%         N/A       99%         3
 Teleport Other           Tloc           0%         N/A       99%         3
 Dispersal                Tloc           0%         N/A       100%        6

Inventory:

Hand Weapons
 a - a +0 flail (weapon)
Armour
 b - a +0 scale mail (worn)
 c - a +0 buckler (worn)
Jewellery
 f - a ring of resist corrosion
Talismans
 m - a granite talisman
Scrolls
 g - a scroll of immolation {unknown}
 h - 2 scrolls of summoning {unknown}
 k - a scroll of teleportation {unknown}
 l - 2 scrolls of amnesia {unknown}
 n - a scroll of revelation {unknown}
 q - a scroll of identify {unknown}
Potions
 d - a potion of might
 e - a potion of heal wounds {unknown}
 i - a potion of lignification {unknown}
 j - a potion of degeneration {unknown}
 o - 2 potions of attraction {unknown}
 p - a potion of curing {unknown}

Dungeon Overview and Level Annotations

Branches:
Dungeon (2/15)

Altars:
Zin

Annotations:
D:2 Sigmund

▒............▒▒.▒ .
▒......>.....▒▒.▒ ▒.
▒..........▒▒... ▒▒.
▒....▒▒...▒..... ▒
▒▒..▒▒▒▒.▒▒....)....▒▒
..▒.....▒▒......▒▒.▒▒.▒▒
▒.....▒..▒......▒▒.▒.. .
▒▒...▒▒▒@..▒▒...▒.... ▒▒
▒..▒H.▒▒▒▒.....▒ ▒▒..)▒▒
▒...▒▒..▒ ▒...w.▒ ▒...▒
▒▒
....▒...▒▒▒▒▒...▒▒▒▒▒▒▒▒
▒.....▒................▒
▒▒...▒▒▒.▒▒▒▒▒▒▒▒▒▒▒▒▒..
▒ ....▒.. ▒▒▒ .......▒▒


You could see Sigmund and a dart slug.


Message History

Sigmund casts a spell at you.
The magic dart hits you but does no damage.
Unknown command.
You hit Sigmund. Your headbutt misses Sigmund.
Sigmund is heavily wounded.
Sigmund asks, "Do you like me?" Sigmund gestures at you while chanting.
The puff of flame hits you!
* * * LOW HITPOINT WARNING * * *
Unknown command.
You sock Sigmund!
Sigmund is almost dead.
Sigmund closely misses you. You furiously retaliate!
You headbutt Sigmund.
Unknown command.
You barely miss Sigmund.
Sigmund is almost dead.
Sigmund closely misses you. The dart slug launches a dart at you.
You block the slug dart.
Unknown command.
You hit Sigmund but do no damage.
Sigmund is almost dead.
The dart slug launches a dart at you.
The slug dart hits you but does no damage.
Sigmund hits you with a +0 scythe.
You die...
Sigmund begins carving another notch in his scythe.

Action                     || total
---------------------------++-------
  Melee: Flail             ||    45
         Headbutt          ||     7
 Armour: Scale mail        ||    31
  Dodge: Dodged            ||    28
  Block: Buckler           ||     3

Levels and vault maps discovered:
D:1:      roderic_crossed_star, layout_loops_ring,
          shapermc_ecumenical_altar_pompeii
D:2:      layout_rooms, basic_altar, minmay_strange_pillars, uniq_sigmund

Notes
Turn   | Place    | Note
-------+----------+-------------------------------------------
     0 | D:1      | sanka the Minotaur Fighter began the quest for the Orb.
     0 | D:1      | Reached XP level 1. HP: 19/19 MP: 0/0
   175 | D:1      | Reached skill level 4 in Fighting
   176 | D:1      | Reached skill level 3 in Maces & Flails
   176 | D:1      | Reached XP level 2. HP: 27/27 MP: 1/1
   342 | D:1      | Found a faded altar of an unknown god.
   674 | D:2      | Found a glowing silver altar of Zin.
   781 | D:2      | Reached skill level 4 in Maces & Flails
   817 | D:2      | Reached XP level 3. HP: 30/33 MP: 2/2
   941 | D:2      | Noticed Sigmund
   954 | D:2      | Slain by Sigmund

Vanquished Creatures
  A dart slug (D:1)
  A ball python (D:1)
  3 bats
  2 endoplasms (D:1)
  2 giant cockroaches
  3 goblins
  4 hobgoblins
  2 quokkas (D:1)
  A frilled lizard (D:2)
  3 kobolds
  2 rats (D:1)
24 creatures vanquished.
